 Dungeon Crawl Stone Soup version 0.30-a0-557-ge2afbf3030 (webtiles) character file.

Game seed: 13293857665487302635

3164 Newt the Slasher (level 9, -6/66 HPs)
             Began as a Demonspawn Gladiator on Dec 27, 2022.
             Was an Initiate of Gozag.
             Killed from afar by an electric eel (12 damage)
             ... with a bolt of electricity
             ... on level 7 of the Dungeon.
             The game lasted 00:06:10 (6830 turns).

Newt the Slasher (Demonspawn Gladiator)             Turns: 6830, Time: 00:06:11

Health: -6/66      AC:  9    Str: 17    XL:     9   Next: 63%
Magic:  9/9        EV: 12    Int: 13    God:    Gozag
Gold:   360        SH:  0    Dex: 16    Spells: 8/8 levels left

rFire   + . .      SeeInvis +    w - +8 demon blade of Responsibility {freeze, Int+3}
rCold   . . .      Faith    .    m - orb {light}
rNeg    . . .      Spirit   .    b - +0 leather armour
rPois   .          Reflect  .    O - +0 helmet {SInv}
rElec   .          Harm     .    J - scarf {repulsion}
rCorr   +          Rampage  .    (no gloves)
Will    .....                    l - +1 pair of boots
Stlth   +                        o - amulet of magic regeneration
HPRegen 0.31/turn                i - ring of resist corrosion
MPRegen 0.51/turn                k - ring of protection from fire

@: about to teleport, gold aura, glowing, repel missiles
A: claws 1, molten scales 2, ignite blood 1, powered by death 1
a: Renounce Religion, Potion Petition, Call Merchant, Bribe Branch


You were on level 7 of the Dungeon.
You worshipped Gozag.
Gozag was aware of your devotion.
You visited 1 branch of the dungeon, and saw 7 of its levels.

You collected 446 gold pieces.
You paid 86 gold pieces to Gozag.

Inventory:

Hand Weapons
 a - a +0 rapier
 w - the +8 demon blade of Responsibility (weapon) {freeze, Int+3}
   (You found it on level 2 of the Dungeon)

   It freezes those it strikes, dealing additional cold damage.
   It can also slow down cold-blooded creatures.
   Int:       It affects your intelligence (+3).
Missiles
 d - 4 throwing nets (quivered)
 e - 7 javelins
 C - 10 poisoned darts
 D - 10 boomerangs
 N - 3 silver boomerangs
Armour
 b - a +0 leather armour (worn)
 c - a +0 helmet
 f - a +0 buckler
 l - a +1 pair of boots (worn)
 m - an orb of light (worn)
 r - the +1 robe of the Stars {rC- rN+ Int+4}
   (You found it on level 5 of the Dungeon)

   Int:       It affects your intelligence (+4).
   rC:        It makes you vulnerable to cold.
   rN:        It protects you from negative energy.
 B - a +2 cloak of willpower
 J - a scarf of repulsion (worn)
 O - a +0 helmet of see invisible (worn)
Jewellery
 i - a ring of resist corrosion (left claw)
 k - a ring of protection from fire (right claw)
 o - an amulet of magic regeneration (around neck)
 s - a ring of positive energy
 y - a ring of wizardry
Wands
 u - a wand of digging (3)
 K - a wand of light (4)
 L - a wand of iceblast (12)
Scrolls
 g - a scroll of fear
 p - a scroll of enchant armour
 q - 3 scrolls of magic mapping
 t - a scroll of enchant weapon
 A - a scroll of torment {unknown}
 F - a scroll of silence {unknown}
 G - a scroll of summoning {unknown}
 I - a scroll of blinking {unknown}
Potions
 h - 2 potions of magic
 j - a potion of flight
 n - 2 potions of degeneration
 z - a potion of lignification
 E - 2 potions of curing {unknown}
 H - a potion of attraction {unknown}
 M - a potion of cancellation {unknown}


   Skills:
 + Level 4.7 Fighting
 - Level 2.6(5.6) Short Blades
 - Level 7.7(8.0) Long Blades
 - Level 6.0 Throwing
 - Level 4.0 Armour
 - Level 2.6 Dodging
 - Level 3.0 Stealth
 - Level 4.0 Shields


You had 8 spell levels left.
You didn't know any spells.
Your spell library contained the following spells:

 Spells                   Type           Power      Damage    Failure   Level
 Freeze                   Ice            0%         1d3       36%         1
 Sandblast                Erth           0%         2d4       36%         1
 Cigotuvi's Dreadful Rot  Necr/Pois/Air  0%         N/A       50%         2
 Ensorcelled Hibernation  Hex/Ice        0%         N/A       50%         2
 Passwall                 Tmut/Erth      0%         N/A       50%         2
 Dazzling Flash           Conj/Hex       0%         N/A       73%         3
 Frozen Ramparts          Ice            0%         1d1       73%         3
 Hailstorm                Conj/Ice       0%         3d3       73%         3
 Stone Arrow              Conj/Erth      0%         3d7       73%         3
 Swiftness                Air            0%         N/A       73%         3
 Dispel Undead            Necr           0%         3d6       98%         4
 Iskenderun's Mystic Bla  Conj/Tloc      0%         2d3       98%         4
 Death Channel            Necr           0%         N/A       100%        6
 Starburst                Conj/Fire      0%         6d3       100%        6


Dungeon Overview and Level Annotations

Branches:
Dungeon (7/15)             Temple (0/1) D:7

Altars:
Fedhas
Gozag
Nemelex Xobeh
Ru
Uskayaw


Innate Abilities, Weirdness & Mutations

You have sharp fingernails.
You are mostly covered in molten scales. (AC +3)
Your demonic aura sometimes causes spilled blood to erupt in flames.
You regenerate a little health from kills.


Message History

The lemure is distracted by your dazzling golden aura.
The lemure barely misses you.
Something stings the plant.
The plant begins to die.
The lemure shouts!
You slash Pikel! You freeze Pikel!
Pikel is almost dead.
The lemure hits you but does no damage.
An electric eel comes into view.
Pikel is engulfed in blazing flames.
You kill Pikel!
With Pikel's spell broken, his former minions thank you for their freedom.
The lemure departs this earthly plane. x4
Training target 6.0 for Throwing reached!
Your Throwing skill gained 2 levels and is now at level 6!
You need to enable at least one skill for training.
The electric eel is no longer distracted by gold.
The electric eel shoots out a bolt of lightning at you!
The bolt of electricity hits you.
The electric eel shoots out a bolt of lightning at you!
The bolt of electricity hits the plant!
The plant begins to die.
The bolt of electricity hits you.
There are monsters nearby!
The electric eel shoots out a bolt of lightning at you!
The bolt of electricity hits you!
* * * LOW HITPOINT WARNING * * *
You open the door.
The electric eel shoots out a bolt of lightning at you!
The bolt of electricity misses you.
The electric eel shoots out a bolt of lightning at you!
The bolt of electricity hits you!
* * * LOW HITPOINT WARNING * * *
There is an open door here.
Okay, then.
Okay, then.
As you read the scroll of teleportation, it crumbles to dust.
You feel strangely unstable.
The electric eel shoots out a bolt of lightning at you!
The bolt of electricity hits you!
You die...
Your body crumbles into a pile of gold.

#.####.##...#..##.#
#.####...# ## #.#
.#.#. #.# ##+#..#
... .....## ##
..###.....##
##....##.......#
#....##.........
#.....@.........
≈≈.~...#.........
≈~~~P..##...>...#
≈≈≈~.~...$.....##
≈~≈~~~~~......##
~P≈≈≈~S~...~....#
P~~≈≈≈SP≈~~.P~...
~~~≈~≈≈≈≈≈≈~S~~~.
$~~~~~~≈≈≈≈≈≈~P~~


You could see 3 electric eels.

Vanquished Creatures
  Pikel (D:7)
  Sigmund (D:2)
  Edmund (D:4)
  A water moccasin (D:7)
  2 orc warriors
  A sky beast (D:6)
  A black bear (D:4)
  3 ogres
  A centaur (D:7)
  A kobold brigand (D:7)
  3 phantoms
  2 bullfrogs
  A necrophage (D:4)
  3 scorpions
  A gnoll sergeant (D:6)
  A wight (D:7)
  A howler monkey (D:6)
  A gnoll bouda (D:4)
  7 hounds
  Crazy Yiuf (D:4)
  A jelly (D:7)
  3 iguanas
  Natasha (thrice) (D:2)
  8 adders
  14 gnolls
  2 white imps
  3 ufetubi
  3 worms
  4 dart slugs
  10 orcs
  3 bats
  5 endoplasms
  5 giant cockroaches
  9 goblins
  6 hobgoblins
  12 kobolds
  2 quokkas
  4 ball pythons
  2 frilled lizards
  5 rats
138 creatures vanquished.

Vanquished Creatures (others)
  8 fungi (D:5)
  2 plants (D:7)
10 creatures vanquished.

Grand Total: 148 creatures vanquished

Notes
Turn   | Place    | Note
-------+----------+-------------------------------------------
     0 | D:1      | Newt the Demonspawn Gladiator began the quest for the Orb.
     0 | D:1      | Reached XP level 1. HP: 16/16 MP: 1/1
   117 | D:1      | Reached skill level 1 in Stealth
   462 | D:1      | Gained mutation: You are partially covered in molten
                  | scales. (AC +2) [demonic ancestry]
   462 | D:1      | Reached XP level 2. HP: 22/22 MP: 2/2
   715 | D:1      | Found a faded altar of an unknown god.
  1089 | D:2      | Found a sparkling altar of Nemelex Xobeh.
  1108 | D:2      | Reached XP level 3. HP: 14/27 MP: 3/3
  1294 | D:2      | Noticed Natasha
  1309 | D:2      | Killed Natasha
  1446 | D:2      | Noticed Natasha
  1452 | D:2      | Killed Natasha
  1453 | D:2      | Gained mutation: You are mostly covered in molten scales.
                  | (AC +3) [demonic ancestry]
  1453 | D:2      | Reached XP level 4. HP: 24/35 MP: 4/4
  1844 | D:2      | Noticed Sigmund
  1855 | D:2      | Killed Sigmund
  1856 | D:2      | Gained mutation: Your demonic aura sometimes causes spilled
                  | blood to erupt in flames. [demonic ancestry]
  1856 | D:2      | Reached XP level 5. HP: 33/42 MP: 5/5
  1944 | D:2      | Identified the +8 demon blade of Responsibility {freeze,
                  | Int+3}
  2024 | D:2      | Noticed Natasha
  2034 | D:2      | Killed Natasha
  2035 | D:2      | Reached XP level 6. HP: 39/48 MP: 6/6
  2224 | D:3      | Identified the +1 long sword of Cocy {heavy, *Rage +Blink
                  | Int-2 SInv}
  2269 | D:3      | Found a sacrificial altar of Ru.
  2867 | D:4      | Reached skill level 1 in Armour
  2880 | D:4      | Noticed Edmund
  2891 | D:4      | Killed Edmund
  2892 | D:4      | Gained mutation: You have sharp fingernails. [demonic
                  | ancestry]
  2892 | D:4      | Reached XP level 7. HP: 28/54 MP: 7/7
  3284 | D:4      | Reached skill level 1 in Long Blades
  3476 | D:4      | Reached skill level 2 in Long Blades
  3872 | D:4      | Found a runed translucent door.
  3873 | D:4      | Noticed Crazy Yiuf
  4032 | D:4      | Killed Crazy Yiuf
  4033 | D:4      | Reached skill level 3 in Long Blades
  4175 | D:5      | Entered Level 5 of the Dungeon
  4462 | D:5      | Reached skill level 4 in Long Blades
  4462 | D:5      | Reached XP level 8. HP: 16/60 MP: 8/8
  4902 | D:5      | Identified the +1 robe of the Stars {rC- rN+ Int+4}
  5204 | D:5      | Reached skill level 5 in Long Blades
  5559 | D:6      | Reached skill level 6 in Long Blades
  5694 | D:6      | Found a blossoming altar of Fedhas.
  5717 | D:6      | Reached skill level 7 in Long Blades
  6135 | D:6      | Found an opulent altar of Gozag.
  6307 | D:6      | Became a worshipper of Gozag Ym Sagoz the Greedy
  6333 | D:7      | Gained mutation: You regenerate a little health from kills.
                  | [demonic ancestry]
  6333 | D:7      | Reached XP level 9. HP: 59/65 MP: 9/9
  6334 | D:7      | Found a staircase to the Ecumenical Temple.
  6464 | D:7      | Found a hide-covered altar of Uskayaw.
  6812 | D:7      | Noticed a boulder beetle
  6812 | D:7      | Noticed a deep elf pyromancer
  6813 | D:7      | Noticed a troll
  6819 | D:7      | Noticed Pikel
  6822 | D:7      | Killed Pikel
  6830 | D:7      | Killed from afar by an electric eel

Illustrated notes

Levels and vault maps discovered:
D:1:      dpeg_arrival_round_b, layout_loops_corners, basic_ecumenical_altar,
          minmay_misc_feat_iff
D:2:      layout_loops_ring, basic_altar, uniq_sigmund, uniq_natasha
D:3:      layout_basic, mainiacjoe_overflow_catwalk
D:4:      layout_basic, uniq_crazy_yiuf_cottage, uniq_edmund
D:5:      layout_loops_ring, dreamdust_gnoll_farm
D:6:      layout_cave_pools, grunt_temple_overflow_gold_and_silver,
          mainiacjoe_overflow_cross_hatched
D:7:      minmay_slanted_spiral_squares, layout_loops_corners,
          kennysheep_little_box, minmay_temple_entry_tees, chequers_big_river,
          uniq_pikel

Skill      XL: |  1  2  3  4  5  6  7  8  9 |
---------------+----------------------------+-----
Stealth        | 1 2 3 |  3.0
Fighting       | 3 4 |  4.7
Shields        | 3 4 |  4.0
Armour         | 3 4 |  4.0
Long Blades    | 4 7 |  7.7
Throwing       | 6 |  6.0
Short Blades   | |  2.6
Dodging        | |  2.6

Action                   |  1- 3 |  4- 6 |  7- 9 || total
-------------------------+-------+-------+-------++-------
Melee: Rapier            |   107 |    38 |       ||   145
       Punch             |     1 |       |       ||     1
       Demon blade       |       |    51 |   169 ||   220
Throw: Javelin           |     1 |     1 |     1 ||     3
       Throwing net      |       |     2 |     1 ||     3
  Use: Scroll            |     4 |     2 |     6 ||    12
       Potion            |       |       |     3 ||     3
 Stab: Sleeping          |     2 |     1 |       ||     3
       Held in net/web   |       |     2 |       ||     2
       Distracted        |       |     1 |     1 ||     2
Armor: Leather armour    |    32 |    40 |    67 ||   139
Dodge: Dodged            |    59 |    61 |   118 ||   238
Block: Buckler           |     3 |       |       ||     3

Table legend: (Time is in decaauts)
 A = Elapsed time spent in this place.
 B = Non-inter-level travel time spent in this place.
 C = Inter-level travel time spent in this place.
 D = Time resting spent in this place.
 E = Time spent auto-exploring this place.
 F = Levels seen in this place.
 G = Mean time per level.
                   A        B        C        D        E       F      G
               +--------+--------+--------+--------+--------+-----+--------+
         Total |   6850 |   6600 |    250 |   1034 |   4649 |   7 |  978.6 |
       Dungeon |   6850 |   6600 |    250 |   1034 |   4649 |   7 |  978.6 |
               +--------+--------+--------+--------+--------+-----+--------+

Top non-repeatable levels by time:
     D:5: 1379 daAuts
     D:4: 1340 daAuts
     D:2: 1279 daAuts
     D:1: 884 daAuts
     D:6: 768 daAuts
     D:3: 696 daAuts
     D:7: 501 daAuts
